 Dungeon Crawl Stone Soup version 0.29-a0-409-gd843f3a48c (webtiles) character file.

Game seed: 11999442374390475173

408 happo123 the Digger (level 6, 0/33 HPs)
             Began as a Gargoyle Earth Elementalist on May 13, 2022.
             Slain by an ufetubus (3 damage)
             ... on level 4 of the Dungeon.
             The game lasted 00:22:27 (3521 turns).

happo123 the Digger (Gargoyle Earth Elementalist)   Turns: 3521, Time: 00:22:27

Health: 0/33       AC:  8    Str: 12    XL:     6   Next: 88%
Magic:  0/11       EV: 12    Int: 23    God:
Gold:   135        SH:  0    Dex: 10    Spells: 6/12 levels left

rFire   . . .      SeeInvis .   z - +0 flail
rCold   . . .      Faith    .   (no shield)
rNeg    + . .      Spirit   .   b - +0 robe
rPois   ∞          Reflect  .   y - +0 helmet
rElec   +          Harm     .   t - +0 cloak
rCorr   .          Rampage  .   (no gloves)
Will    .....                   (no boots)
Stlth   ++........              (no amulet)
HPRegen 0.11/turn               n - +6 ring of intelligence
MPRegen 0.12/turn               u - ring of wizardry

@: wereblooded
A: sickness immunity, AC +4, negative energy resistance 1, electricity
resistance, torment resistance 1, petrification resistance
a: no special abilities


You were on level 4 of the Dungeon.
You visited 1 branch of the dungeon, and saw 4 of its levels.

You collected 213 gold pieces.
You spent 78 gold pieces at shops.

Inventory:

Hand Weapons
 z - a +0 flail (weapon)
Missiles
 x - 19 stones
Armour
 b - a +0 robe (worn)
 r - a scarf of shadows
 t - a +0 cloak (worn)
 y - a +0 helmet (worn)
Jewellery
 a - a +6 ring of intelligence
 n - a +6 ring of intelligence (left hand)
 u - a ring of wizardry (right hand)
Wands
 v - a wand of acid (4)
Scrolls
 d - 2 scrolls of blinking {unknown}
 e - 2 scrolls of torment
 f - 2 scrolls of noise
 g - a scroll of immolation {unknown}
 i - 3 scrolls of teleportation
 j - 2 scrolls of amnesia
 l - a scroll of fog {unknown}
 m - 2 scrolls of identify
 p - a scroll of magic mapping {unknown}
 q - a scroll of fear {unknown}
Potions
 c - a potion of magic
 h - a potion of curing {unknown}
 k - 2 potions of mutation {unknown}
 o - 2 potions of lignification
 s - 2 potions of cancellation
 w - a potion of flight {unknown}


   Skills:
 + Level 0.3 Fighting
 + Level 0.2 Maces & Flails
 + Level 2.3 Dodging
 + Level 3.0 Stealth
 + Level 1.6 Unarmed Combat
 + Level 3.8 Spellcasting
 + Level 1.3 Conjurations
 + Level 1.1 Transmutations
 + Level 6.0 Earth Magic


You had 6 spell levels left.
You knew the following spells:

 Your Spells              Type           Power      Damage    Failure   Level
a - Sandblast             Erth           64%        2d14      1%          1
b - Stone Arrow           Conj/Erth      42%        3d9       2%          3
c - Wereblood             Tmut           9%         N/A       4%          2

Your spell library contained the following spells:

 Spells                   Type           Power      Damage    Failure   Level
 Passwall                 Tmut/Erth      17%        N/A       1%          2
 Petrify                  Tmut/Erth      21%        N/A       10%         4
 Summon Hydra             Summ           2%         N/A       100%        7
 Sublimation of Blood     Necr           Unusable   N/A       N/A         2

Dungeon Overview and Level Annotations

Branches:
Dungeon (4/15)
 Temple: D:4-7

Altars:

Shops:
D:4 ?

Portals:
Abyss: D:4

Annotations:
D:4 1 transporter, Arandomuser85's ghost, novice KoBr


Innate Abilities, Weirdness & Mutations

You are immune to sickness and miasma.
Your stone body is resilient. (AC +4)
You are immune to poison.
You resist negative energy. (rN+)
You are resistant to electric shocks. (rElec)
You are resistant to unholy torment.
You are immune to petrification.


Message History

The blast of sand hits the kobold brigand!
You feel a bit better.
You kill the kobold brigand!
Arandomuser85's ghost closely misses you.
Your Stealth skill increases to level 3!
Your Earth Magic skill increases to level 6!
Aiming: Sandblast (safe; 1% risk of failure)
Press: ? - help, Q - select action, (/) - cycle Shift-Dir - straight line, f - Arandomuser85's ghost
Aim: Arandomuser85's ghost (70% to hit)
The blast of sand hits Arandomuser85's ghost!
Arandomuser85's ghost is lightly damaged.
The ufetubus closely misses you. The ufetubus misses you.
Arandomuser85's ghost hits you! The ufetubus closely misses you.
The ufetubus hits you.
You don't have enough magic to cast this spell.
You barely miss Arandomuser85's ghost.
Arandomuser85's ghost is lightly damaged.
The ufetubus closely misses you.
The ufetubus hits you but does no damage.
Arandomuser85's ghost barely misses you.
The ufetubus hits you. The ufetubus closely misses you.
Arandomuser85's ghost hits you but does no damage.
Aiming: Sandblast (safe; 1% risk of failure)
Press: ? - help, Q - select action, (/) - cycle Shift-Dir - straight line, f/p - Arandomuser85's ghost
Aim: Arandomuser85's ghost (lightly damaged, 70% to hit)
The blast of sand misses Arandomuser85's ghost.
The ufetubus hits you but does no damage.
The ufetubus misses you. Arandomuser85's ghost hits you.
You hit Arandomuser85's ghost but do no damage.
Arandomuser85's ghost is lightly damaged.
The ufetubus closely misses you. The ufetubus hits you.
The ufetubus hits you but does no damage.
The ufetubus hits you. Arandomuser85's ghost hits you.
* * * LOW HITPOINT WARNING * * *
You miss Arandomuser85's ghost.
Arandomuser85's ghost is lightly damaged.
The ufetubus closely misses you. x2; Arandomuser85's ghost hits you.
* * * LOW HITPOINT WARNING * * *
The ufetubus barely misses you. The ufetubus hits you.
You die...

###### .....############
..##............######
.....................# ###
.....................# ####..
....###....####......# ##.....
...##.##..###.####...# ###......
...#K5.##.# #..W@#©..# #........
...##.#?###..##5##...####........
....# # .©. #####....#...........
#...### .####..........###.......
#.....#.##.#..........## #.......
#.....#...##..###....## ##......
#....##...#..##.##...# #.......
#...##.5#.##.##.:##..# #.......
#...# ... .#####.##..## #.......


You could see Arandomuser85's ghost and an ufetubus.

Vanquished Creatures
  An ogre (D:4)
  A kobold brigand (D:4)
  A wight (D:4)
  A howler monkey (D:3)
  7 adders
  2 worms
  2 dart slugs
  2 orcs
  6 bats
  7 endoplasms
  4 giant cockroaches
  4 goblins
  7 hobgoblins
  11 jackals
  5 quokkas
  7 ball pythons
  4 frilled lizards (D:1)
  12 kobolds
  5 rats
89 creatures vanquished.

Notes
Turn   | Place    | Note
-------+----------+-------------------------------------------
     0 | D:1      | happo123 the Gargoyle Earth Elementalist began the quest
                  | for the Orb.
     0 | D:1      | Reached XP level 1. HP: 10/10 MP: 3/3
    51 | D:1      | Reached skill level 1 in Transmutations
    51 | D:1      | Reached XP level 2. HP: 12/15 MP: 0/5
   130 | D:1      | Reached skill level 4 in Earth Magic
   496 | D:1      | Reached XP level 3. HP: 19/19 MP: 4/6
  1301 | D:2      | Reached XP level 4. HP: 24/24 MP: 4/8
  1591 | D:2      | Learned a level 3 spell: Stone Arrow
  1594 | D:2      | Learned a level 2 spell: Wereblood
  1749 | D:3      | Reached skill level 5 in Earth Magic
  1779 | D:3      | Reached XP level 5. HP: 28/28 MP: 0/9
  2861 | D:4      | Noticed an ogre
  2867 | D:4      | Killed an ogre
  2868 | D:4      | Reached skill level 1 in Unarmed Combat
  2868 | D:4      | Reached skill level 1 in Conjurations
  2868 | D:4      | Reached XP level 6. HP: 32/32 MP: 0/11
  3007 | D:4      | Found Nouterampe's Magic Scroll Shop.
  3010 | D:4      | Bought a scroll of identify for 26 gold pieces
  3010 | D:4      | Bought a scroll of identify for 26 gold pieces
  3010 | D:4      | Bought a scroll of identify for 26 gold pieces
  3077 | D:4      | Found a transporter.
  3097 | D:4      | Found a transporter.
  3124 | D:4      | Noticed Arandomuser85's ghost (novice KoBr)
  3193 | D:4      | Found a one-way gate to the infinite horrors of the Abyss.
  3517 | D:4      | Reached skill level 6 in Earth Magic
  3521 | D:4      | Slain by an ufetubus

Illustrated notes

Levels and vault maps discovered:
D:1:      doesnt_arrival_eight_statues, layout_basic
D:2:      layout_basic
D:3:      layout_basic, minmay_distorted
D:4:      layout_rooms, serial_shops, kennysheep_mini,
          gammafunk_ghost_abyssal_escape

Skill      XL: |  1  2  3  4  5  6 |
---------------+-------------------+-----
Transmutations | 1 |  1.1
Earth Magic    | 4 5 6 |  6.0
Spellcasting   | 3 |  3.8
Dodging        | 2 |  2.3
Unarmed Combat | 1 |  1.6
Conjurations   | 1 |  1.3
Stealth        | 3 |  3.0
Fighting       | |  0.3
Maces & Flails | |  0.2

Action                   |  1- 3 |  4- 6 || total
-------------------------+-------+-------++-------
Melee: Unarmed           |    31 |    69 ||   100
       Punch             |       |     1 ||     1
       Flail             |       |    30 ||    30
Throw: Stone             |       |     7 ||     7
 Cast: Sandblast         |    48 |    28 ||    76
       Stone Arrow       |       |    25 ||    25
       Wereblood         |       |     3 ||     3
  Use: Scroll            |       |     6 ||     6
 Stab: Sleeping          |       |     1 ||     1
Armor: Robe              |    24 |    61 ||    85
Dodge: Dodged            |    35 |   121 ||   156

Table legend: (Time is in decaauts)
 A = Elapsed time spent in this place.
 B = Non-inter-level travel time spent in this place.
 C = Inter-level travel time spent in this place.
 D = Time resting spent in this place.
 E = Time spent auto-exploring this place.
 F = Levels seen in this place.
 G = Mean time per level.
                   A        B        C        D        E       F      G
               +--------+--------+--------+--------+--------+-----+--------+
         Total |   3531 |   2702 |    829 |      0 |   2055 |   4 |  882.8 |
       Dungeon |   3531 |   2702 |    829 |      0 |   2055 |   4 |  882.8 |
               +--------+--------+--------+--------+--------+-----+--------+

Top non-repeatable levels by time:
     D:3: 991 daAuts
     D:2: 947 daAuts
     D:1: 837 daAuts
     D:4: 755 daAuts
